 Dungeon Crawl Stone Soup version 0.24.1-1-gd1d2a07e1b (webtiles) character file.

Game seed: 13537284201089819876, levelgen mode: deterministic

77 raph the Chiller (level 4, -1/30 HPs)
             Began as a Merfolk Ice Elementalist on Apr 11, 2020.
             Killed by nerve-wracking pain
             ... invoked by a shadow imp
             ... summoned by Natasha
              (10 damage)
             ... on level 3 of the Dungeon.
             The game lasted 00:07:54 (3251 turns).

raph the Chiller (Merfolk Ice Elementalist)         Turns: 3251, Time: 00:07:55

Health: -1/30      AC:  4    Str:  8    XL:     4   Next: 33%
Magic:  2/7        EV: 13    Int: 14    God:
Gold:   133        SH:  0    Dex: 15    Spells: 0/8 levels left

rFire    . . .     SeeInvis .   h - +1 spear
rCold    . . .     Gourm    .   (no shield)
rNeg     . . .     Faith    .   n - +0 leather armour
rPois    .         Spirit   .   (no helmet)
rElec    .         Reflect  .   (no cloak)
rCorr    .         Harm     .   j - +0 pair of gloves
MR       .....                  (no boots)
Stlth    ++........             (no amulet)
HPRegen  0.10/turn              f - ring of wizardry
MPRegen  0.10/turn              (no ring)

@: no status effects
A: change form in water, swift swim, stealthy swim
a: no special abilities


You were on level 3 of the Dungeon.
You were not hungry.

You visited 1 branch of the dungeon, and saw 3 of its levels.

You collected 133 gold pieces.

Inventory:

Hand Weapons
 h - a +1 spear (weapon)
Missiles
 i - 2 datura-tipped darts
 k - a boomerang (quivered)
Armour
 a - a +0 robe
 j - a +0 pair of gloves (worn)
 n - a +0 leather armour (worn)
Jewellery
 f - a ring of wizardry (left hand)
Scrolls
 d - a scroll of teleportation
 m - a scroll of identify
Potions
 b - a potion of haste {unknown}
 e - 4 potions of heal wounds
Comestibles
 c - 3 rations


   Skills:
 + Level 3.4 Dodging
 + Level 3.1 Stealth
 + Level 2.5 Spellcasting
   Level 0.7 Conjurations
 * Level 4.3 Ice Magic


You couldn't memorise any spells.
You knew the following spells:

 Your Spells              Type           Power        Failure   Level  Hunger
a - Freeze                Ice            ##..         2%          1    #......
b - Summon Ice Beast      Ice/Summ       #.......     45%         4    #####..
c - Ozocubu's Armour      Chrm/Ice       #.......     16%         3    ###....

Your spell library contained the following spells:

 Spells                   Type           Power        Failure   Level  Hunger
 Throw Frost              Conj/Ice       #.....       7%          2    ###....
 Throw Icicle             Conj/Ice       #.......     41%         4    #####..


Dungeon Overview and Level Annotations

Branches:
Dungeon (3/15)

Altars:

Annotations:
D:3 Natasha


Message History

Casting: Ozocubu's Armour (safe; 16% risk of failure)
Confirm with . or Enter, or press ? or * to list all spells.
Aiming: Freeze (safe; 2% risk of failure)
Press: ? - help, Shift-Dir - straight line, f - Natasha
Aim: Natasha You freeze Natasha.
Natasha is moderately wounded.
Natasha closely misses you. The shadow imp hits you.
Casting: Freeze (safe; 2% risk of failure)
Confirm with . or Enter, or press ? or * to list all spells.
Aiming: Freeze (safe; 2% risk of failure)
Press: ? - help, Shift-Dir - straight line, f/p - Natasha
Aim: Natasha (moderately wounded)
You freeze Natasha!
Natasha is almost dead.
Natasha claws you.
* * * LOW HITPOINT WARNING * * *
The shadow imp gestures at you. Pain shoots through your body!
You die...

,*****,,,,,,*,,,,* ,*
******,*,**,* ** *,*,**,*
* *,,,*,,* * *,,**,** **
#,,,,,* ,**** #.##,,*
,,,,* #.>..### ,**,***
*,*#.h@###### ,**,,,***
*,*###5.....# ,,,,,,,,*
*,* ######.# **,,,,,,***,*
#.## *,,,,,,,,,,* #..##
*,,,,,,**,,* ##..#
***,*,,**,,* #####.#####
*,*,,,*,,*** ###.........#
*,***,*,,..###...........#


You could see Natasha and a shadow imp.

Vanquished Creatures
  An adder (D:2)
  2 worms (D:2)
  4 dart slugs
  2 leopard geckos (D:2)
  6 giant cockroaches
  5 goblins
  5 hobgoblins
  A ball python (D:2)
  4 bats
  2 frilled lizards
  9 kobolds
  9 rats
50 creatures vanquished.

Vanquished Creatures (others)
  A plant (D:2)
1 creature vanquished.

Grand Total: 51 creatures vanquished

Notes
Turn   | Place    | Note
-------+----------+-------------------------------------------
     0 | D:1      | raph the Merfolk Ice Elementalist began the quest for the
                  | Orb.
     0 | D:1      | Reached XP level 1. HP: 13/13 MP: 3/3
   282 | D:1      | Reached XP level 2. HP: 12/19 MP: 0/5
   401 | D:1      | Learned a level 2 spell: Throw Frost
  1174 | D:1      | Reached XP level 3. HP: 24/24 MP: 3/6
  1509 | D:2      | Learned a level 3 spell: Ozocubu's Armour
  1543 | D:2      | Reached skill level 4 in Ice Magic
  2196 | D:2      | Reached XP level 4. HP: 30/30 MP: 3/7
  3172 | D:3      | Learned a level 4 spell: Summon Ice Beast
  3244 | D:3      | Noticed Natasha
  3251 | D:3      | Killed from afar by a shadow imp

Levels and vault maps discovered:
D:1:      dpeg_arrival_renting, layout_loops_ring, grunt_decor_one_mirror
D:2:      layout_basic, skrybe_limestone_x, lexackson_kobold_supper
D:3:      layout_rooms, first_ration, makhleb_altar_promises_db, uniq_natasha,
          uniq_ijyb, uniq_grinder

Skill      XL: |  1  2  3 |
---------------+----------+-----
Dodging        | 3 |  3.4
Ice Magic      | 4 |  4.3
Stealth        | 3 |  3.1
Spellcasting   | |  2.5
Conjurations   | |  0.7

Action                   |  1- 3 |  4- 6 || total
-------------------------+-------+-------++-------
Melee: Unarmed           |     4 |       ||     4
       Spear             |    42 |   105 ||   147
Throw: Boomerang         |     2 |       ||     2
 Cast: Freeze            |    43 |    17 ||    60
       Throw Frost       |     6 |       ||     6
       Ozocubu's Armour  |       |     3 ||     3
  Use: Scroll            |       |     5 ||     5
 Stab: Sleeping          |     7 |     2 ||     9
  Eat: Chunk             |     5 |     4 ||     9
Armor: Robe              |    15 |       ||    15
       Leather armour    |       |    14 ||    14
Dodge: Dodged            |    43 |    48 ||    91
